 Dungeon Crawl Stone Soup version 0.20-a0-274-g7b51309 (webtiles) character file.

13934 PurpleRed the Black Belt (level 12, -9/88 HPs)
             Began as a Merfolk Transmuter on Dec 11, 2016.
             Was a High Priest of Okawaru.
             Mangled by an ogre mage
             ... wielding the +6 short sword "Tattletale" {antimagic, rF- rC+ MR+}
              (19 damage)
             ... on level 11 of the Dungeon.
             The game lasted 00:48:49 (12257 turns).

PurpleRed the Black Belt (Merfolk Transmuter)      Turns: 12257, Time: 00:48:49

Health: -9/88      AC: 14    Str: 21    XL:     12   Next: 11%
Magic:  10/15      EV: 23    Int: 12    God:    Okawaru [*****.]
Gold:   549        SH:  0    Dex: 15    Spells: 7/15 levels left

rFire  . . .     SeeInvis .       - Unarmed
rCold  + . .     Gourm    .     B - +1 robe "Rokiwnek" {rElec}
rNeg   + . .     Faith    .     (no shield)
rPois  +         Spirit   .     T - +0 helmet
rElec  +         Reflect  .     K - +0 cloak
rCorr  .         Harm     .     V - +2 pair of gloves
MR     +....                    y - +4 pair of boots "Reilomonn" {+Fly}
Stlth  ++++......               (no amulet)
                                g - ring of Xiuxzeel {rPois rF+ rN+ MR+ Stlth+}
                                J - ring "Xyohoc" {Ice +Blink Str+6}

@: heroism
A: change form in water, swift swim, stealthy swim
a: Heroism, Finesse, Renounce Religion, Evoke Blink, Evoke Flight


You were on level 11 of the Dungeon.
You worshipped Okawaru.
Okawaru was extremely pleased with you.
You were not hungry.

You visited 2 branches of the dungeon, and saw 12 of its levels.

You collected 634 gold pieces.
You spent 85 gold pieces at shops.

Inventory:

Missiles
 a - 176 arrows
 m - 4 javelins (quivered)
 P - 2 exploding tomahawks
Armour
 b - a +0 troll leather armour
 y - the +4 pair of boots "Reilomonn" (worn) {+Fly}
   (You found it on level 4 of the Dungeon)

   It lets you fly.
 z - a +2 scale mail of poison resistance
 B - the +1 robe "Rokiwnek" (worn) {rElec}
   (You found it on level 5 of the Dungeon)

   It insulates you from electricity.
 K - a +0 cloak (worn)
 T - a +0 helmet (worn)
 V - a +2 pair of gloves (worn)
Jewellery
 f - an uncursed ring of protection from magic
 g - the ring of Xiuxzeel (right hand) {rPois rF+ rN+ MR+ Stlth+}
   (You found it on level 4 of the Dungeon)

   [ring of stealth]

   It protects you from fire.
   It protects you from poison.
   It protects you from negative energy.
   It affects your resistance to hostile enchantments.
   It makes you more stealthy.
 J - the ring "Xyohoc" (left hand) {Ice +Blink Str+6}
   (You found it on level 7 of the Dungeon)

   [ring of ice]

   It enhances your ice magic.
   It affects your strength (+6).
   It makes you vulnerable to fire.
   It protects you from cold.
   It lets you blink.
Wands
 k - a wand of slowing (35/48)
 n - a wand of lightning (5/15)
 C - a wand of lightning (5/15)
 E - a wand of slowing (17/48)
 I - a wand of enslavement (12/24)
 N - a wand of iceblast (4/15)
 Q - a wand of paralysis (15/24)
Scrolls
 e - a scroll of fear
 i - 4 scrolls of enchant armour
 o - 4 scrolls of enchant weapon
 r - 3 scrolls of fog
 s - 7 scrolls of remove curse
 v - 3 scrolls of teleportation
 w - 3 scrolls of amnesia
 x - 4 scrolls of identify
 F - a scroll of magic mapping
 M - a scroll of recharging
 O - a scroll of summoning {unknown}
Potions
 h - a potion of brilliance
 p - 3 potions of curing
 t - a potion of agility
 u - a potion of might
 A - 4 potions of haste
 G - 2 potions of ambrosia
 H - a potion of heal wounds
 R - a potion of flight {unknown}
Books
 c - a book of Changes

   Spells                             Type                      Level
   a - Beastly Appendage              Transmutation                1
   b - Sticks to Snakes               Transmutation                2
   c - Spider Form                    Transmutation/Poison         3
   d - Ice Form                       Ice/Transmutation            4
   e - Blade Hands                    Transmutation                5
 D - a book of Frost

   Spells                             Type                      Level
   a - Freeze                         Ice                          1
   b - Throw Frost                    Conjuration/Ice              2
   c - Ozocubu's Armour               Charms/Ice                   3
   d - Throw Icicle                   Conjuration/Ice              4
   e - Summon Ice Beast               Ice/Summoning                4
Miscellaneous
 S - a fan of gales
Comestibles
 d - 7 bread rations
 l - 3 beef jerkies
 q - 3 meat rations
 U - 2 chunks of flesh


   Skills:
 - Level 6.2(11.2) Fighting
 + Level 9.9(14.9) Dodging
 * Level 15.4(20.4) Unarmed Combat
 - Level 2.0 Spellcasting
 - Level 10.1 Transmutations
 - Level 4.2 Invocations


You had 7 spell levels left.
You knew the following spells:

 Your Spells              Type           Power        Failure   Level  Hunger
a - Beastly Appendage     Tmut           ####..       1%          1    ##.....
b - Sticks to Snakes      Tmut           ####....     1%          2    ###....
c - Blade Hands           Tmut           ####......   14%         5    ######.


Dungeon Overview and Level Annotations

Branches:
Dungeon (11/15)            Temple (1/1) D:7            Lair (0/6) D:8
    Orc (0/2) D:9

Altars:
Ashenzari
Cheibriados
Dithmenos
Elyvilon
Fedhas
Gozag
Hepliaklqana
Kikubaaqudgha
Makhleb
Nemelex Xobeh
Okawaru
Qazlal
Ru
Sif Muna
Trog
Uskayaw
Vehumet
Xom
Yredelemnul
Zin
The Shining One
Beogh

Shops:
D:4 =   D:6 ?%%


Message History

You barely miss the ogre mage.
The ogre mage is almost dead.
The ogre mage mumbles some strange words.
The ogre mage blinks!
Evoke which item? (* to show all) (? for menu, Esc to quit)
You have no means to grasp a wand firmly enough.
Unknown command.
Your hands revert to their normal proportions.
Your +2 pair of gloves unmelds from your body.
Evoke which item? (* to show all) (? for menu, Esc to quit)
Zapping:
N - a wand of iceblast (5/15)
Press: ? - help, Shift-Dir - straight line The mass of ice explodes!
The iceblast engulfs the ogre mage.
The ogre mage partially resists.
The ogre mage is almost dead.
This wand has 4 charges left.
You hear a shout! x2; You hear an angry hiss.
You hear a shout!
You hear a bark!
You hear a shout! x3
The ogre mage hits you with a shimmering short sword {antimagic}!!
You die...

...#....# ...#.<..# ..#
#..#..†.#..$### .
######..#..<.+.....# ..
..#.....#..÷.#... .# ...
..'.....#....#'###'#....
..#....[#...............
..#.....#........O......
..#..[))'.......@§......
####..###...............
#.##.)########)####'##..
.....[.)...(.....# .#
.......)..<(.....'...#
.................#...#
)).....(.........# ..#
#[.##.###..###...# ##
#'###.###..# #'###


You could see an ogre mage.

Vanquished Creatures
  Erolcha (D:10)
  Erica (D:10)
  The ghost of ultrashaft the Basher, a novice OgHu of Okawaru (D:6)
  2 hill giants
  Pikel (D:8)
  An orc knight (D:11)
  A deep elf mage (D:9)
  A cyclops (D:11)
  Maurice (D:10)
  A centaur skeleton (D:11)
  Psyche (D:11)
  A yaktaur (shapeshifter) (D:10)
  4 trolls
  A two-headed ogre (D:8)
  2 hippogriffs
  A shadow (D:11)
  3 yaks (D:9)
  A hungry ghost (D:11)
  A water moccasin (D:9)
  4 porcupines (D:8)
  7 orc warriors
  5 sky beasts
  3 black bears
  2 ice beasts
  A phantom (D:11)
  2 necrophages (D:6)
  An eye of draining (D:11)
  4 ogres
  5 centaurs
  3 big kobolds
  4 crocodiles
  The ghost of ultrashaft the Chiller, an amateur HEIE (D:3)
  5 bullfrogs
  A wyvern skeleton (D:11)
  A scorpion (D:10)
  4 killer bees (D:7)
  6 crimson imps
  8 orc priests
  2 bullfrog zombies
  A centaur zombie (D:5)
  5 jellies
  Crazy Yiuf (D:7)
  5 hounds
  A bullfrog skeleton (D:8)
  12 orc wizards
  6 iguanas
  6 worker ants
  A howler monkey zombie (D:7)
  11 adders
  4 gnolls
  3 river rats (D:6)
  2 shadow imps (D:8)
  An ooze (D:2)
  2 adder zombies
  3 worms
  A dart slug (D:1)
  4 leopard geckos
  49 orcs
  3 bats
  7 giant cockroaches
  8 goblins
  4 hobgoblins
  5 jackals (D:2)
  3 quokkas
  3 ball pythons
  2 frilled lizards
  16 kobolds
  7 rats
271 creatures vanquished.

Vanquished Creatures (others)
  A slave (D:8)
  An adder (D:8)
  5 fungi (D:8)
7 creatures vanquished.

Grand Total: 278 creatures vanquished

Notes
Turn   | Place    | Note
-------+----------+-------------------------------------------
     0 | D:1      | PurpleRed the Merfolk Transmuter began the quest for the Orb.
     0 | D:1      | Reached XP level 1. HP: 15/15 MP: 3/3
   159 | D:1      | Reached skill level 4 in Unarmed Combat
   159 | D:1      | Reached XP level 2. HP: 11/21 MP: 3/5
   785 | D:1      | Reached XP level 3. HP: 26/26 MP: 6/6
  1300 | D:2      | Reached skill level 5 in Unarmed Combat
  1564 | D:2      | Reached XP level 4. HP: 32/32 MP: 5/7
  2092 | D:3      | Reached skill level 6 in Unarmed Combat
  2092 | D:3      | Reached XP level 5. HP: 33/37 MP: 8/8
  2116 | D:3      | Noticed ultrashaft's ghost (amateur HEIE)
  2783 | D:4      | Learned a level 2 spell: Sticks to Snakes
  2789 | D:4      | Learned a level 5 spell: Blade Hands
  2817 | D:4      | Got a brightly glowing wooden ring
  2826 | D:4      | Identified the ring of Xiuxzeel {rPois rF+ rN+ MR+ Stlth+} (You found it on level 4 of the Dungeon)
  2967 | D:4      | Got a pair of fine boots
  2973 | D:4      | Identified the +4 pair of boots "Reilomonn" {+Fly} (You found it on level 4 of the Dungeon)
  3099 | D:4      | Found Ereu's Jewellery Shop.
  3298 | D:5      | Entered Level 5 of the Dungeon
  3365 | D:5      | Noticed a centaur
  3372 | D:5      | Reached skill level 7 in Unarmed Combat
  3388 | D:5      | Killed a centaur
  3388 | D:5      | Reached XP level 6. HP: 29/43 MP: 9/9
  3638 | D:5      | Reached skill level 8 in Unarmed Combat
  3646 | D:5      | Noticed a sky beast
  3693 | D:5      | Killed a sky beast
  3693 | D:5      | Reached XP level 7. HP: 16/49 MP: 7/10
  4003 | D:5      | Found a shadowy altar of Dithmenos.
  4209 | D:5      | Reached skill level 9 in Unarmed Combat
  4342 | D:5      | Got a thick robe
  4392 | D:5      | Identified the +1 robe "Rokiwnek" {rElec} (You found it on level 5 of the Dungeon)
  4575 | D:6      | Reached XP level 8. HP: 30/58 MP: 9/11
  4758 | D:6      | Noticed ultrashaft's ghost (novice OgHu)
  5138 | D:6      | Found Vuulyczo's Magic Scroll Emporium.
  5298 | D:6      | Found Ixzuasok's Food Shop.
  5323 | D:6      | Bought a scroll of magic mapping for 35 gold pieces
  5323 | D:6      | Bought a scroll of teleportation for 30 gold pieces
  5323 | D:6      | Bought a scroll of fog for 20 gold pieces
  5418 | D:6      | Reached skill level 10 in Unarmed Combat
  5489 | D:6      | Reached skill level 5 in Dodging
  5555 | D:6      | Found Puzapif's Food Shoppe.
  5787 | D:7      | Reached skill level 5 in Fighting
  5899 | D:7      | Reached XP level 9. HP: 27/66 MP: 12/12
  6089 | D:7      | Got a scintillating granite ring
  6091 | D:7      | Identified the ring "Xyohoc" {Ice +Blink Str+6} (You found it on level 7 of the Dungeon)
  6101 | D:7      | Found a staircase to the Ecumenical Temple.
  6166 | Temple   | Entered the Ecumenical Temple
  6373 | Temple   | Became a worshipper of Warmaster Okawaru
  6516 | D:7      | Found a runed door.
  6522 | D:7      | Noticed Crazy Yiuf
  6525 | D:7      | Killed Crazy Yiuf
  6727 | D:7      | Reached skill level 11 in Unarmed Combat
  7105 | D:8      | Noticed a troll
  7121 | D:8      | Killed a troll
  7193 | D:8      | Reached * piety under Okawaru
  7294 | D:8      | Found a staircase to the Lair.
  7317 | D:8      | Reached skill level 5 in Transmutations
  7373 | D:8      | Reached ** piety under Okawaru
  7398 | D:8      | Noticed a two-headed ogre
  7410 | D:8      | Killed a two-headed ogre
  7436 | D:8      | Reached XP level 10. HP: 61/74 MP: 11/13
  7561 | D:8      | Noticed Pikel
  7576 | D:8      | Killed Pikel
  7772 | D:8      | Reached skill level 10 in Transmutations
  8460 | D:6      | Killed ultrashaft's ghost
  8462 | D:6      | Reached skill level 12 in Unarmed Combat
  8602 | D:3      | Killed ultrashaft's ghost
  8834 | D:9      | Reached *** piety under Okawaru
  9475 | D:9      | Noticed a deep elf mage
  9483 | D:9      | Killed a deep elf mage
  9483 | D:9      | Reached **** piety under Okawaru
  9483 | D:9      | Received a gift from Okawaru
  9483 | D:9      | Reached skill level 13 in Unarmed Combat
  9656 | D:9      | Found a staircase to the Orcish Mines.
  9698 | D:9      | Reached XP level 11. HP: 79/79 MP: 3/14
 10163 | D:9      | Found a roughly hewn altar of Beogh.
 10604 | D:10     | Entered Level 10 of the Dungeon
 10635 | D:10     | Noticed a hill giant
 10847 | D:10     | Noticed Maurice
 10865 | D:10     | Killed Maurice
 11002 | D:10     | Noticed Erica
 11011 | D:10     | Noticed Erolcha
 11020 | D:10     | Noticed a hill giant
 11046 | D:10     | Killed a hill giant
 11046 | D:10     | Reached ***** piety under Okawaru
 11082 | D:10     | Killed Erica
 11082 | D:10     | Reached skill level 14 in Unarmed Combat
 11211 | D:10     | Killed Erolcha
 11613 | D:11     | Noticed a cyclops
 11618 | D:11     | Killed a cyclops
 11620 | D:11     | Noticed Psyche
 11623 | D:11     | Killed Psyche
 11623 | D:11     | Received a gift from Okawaru
 11629 | D:11     | Killed a hill giant
 11766 | D:11     | Reached skill level 15 in Unarmed Combat
 12014 | D:11     | Reached XP level 12. HP: 87/88 MP: 7/15
 12246 | D:11     | Noticed an ogre mage
 12257 | D:11     | Identified the +6 short sword "Tattletale" {antimagic, rF- rC+ MR+}
 12257 | D:11     | Mangled by an ogre mage

Vault maps used:
D:1:      saegor_arrival_simple_f
D:3:      first_bread
D:4:      serial_shops, kennysheep_little_box
D:5:      grunt_dithmenos_smoke_and_mirrors
D:6:      portal_sewer_entry_e, serial_shops, shop, shop, shop
D:7:      uniq_crazy_yiuf_cottage
D:8:      due_lair_maze_entry_diamond, uniq_pikel
D:9:      minmay_orc_entry_temple_small
D:10:     uniq_erolcha, uniq_erica, uniq_maurice
D:11:     minmay_shrinking_squares, uniq_harold, uniq_psyche, uniq_sonja
Temple:   compressed_dpeg_triangle_lava_temple

Skill      XL: |  1  2  3  4  5  6  7  8  9 10 11 |
---------------+----------------------------------+-----
Unarmed Combat | 4 5 6 7 8 9 10 11 13 15 | 15.4
Fighting       | 3 5 6 |  6.2
Dodging        | 3 5 6 9 |  9.9
Transmutations | 8 10 | 10.1
Invocations    | 4 |  4.2
Spellcasting   | |  2.0

Action                   |  1- 3 |  4- 6 |  7- 9 | 10-12 || total
-------------------------+-------+-------+-------+-------++-------
Melee: Unarmed           |    94 |   154 |   314 |   289 ||   851
       Headbutt          |    14 |    19 |    54 |    11 ||    98
       Punch             |     1 |     9 |    10 |    20 ||    40
       Tailslap          |       |       |     1 |       ||     1
Throw: Javelin           |       |       |     3 |     4 ||     7
 Cast: Beastly Appendage |    20 |    24 |    51 |    14 ||   109
       Blade Hands       |       |       |       |    46 ||    46
Invok: Heroism           |       |       |       |     1 ||     1
 Abil: Evoke Flight      |       |     1 |       |       ||     1
       End Transformatio |       |       |       |     1 ||     1
Evoke: Wand              |       |       |     1 |     4 ||     5
  Use: Scroll            |       |    18 |     3 |     2 ||    23
       Potion            |       |       |       |     1 ||     1
 Stab: Sleeping          |       |       |     2 |     4 ||     6
       Distracted        |       |       |       |     1 ||     1
  Eat: Chunk             |     3 |     6 |    10 |    34 ||    53
       Pizza             |       |     1 |       |     1 ||     2
       Beef jerky        |       |       |     2 |       ||     2
Armor: Ring mail         |    37 |    47 |    95 |       ||   179
       Robe              |       |       |       |    51 ||    51
Dodge: Dodged            |    33 |    74 |   157 |   144 ||   408
